 Dungeon Crawl Stone Soup version 0.30-a0-779-g7971cf19c3 (webtiles) character file.

Game seed: 1887891416413251377

35 CrazyBamboolord the Grave Robber (level 3, 0/27 HPs)
             Began as a Ghoul Necromancer on Feb 17, 2023.
             Killed from afar by a dart slug (3 damage)
             ... with a slug dart
             ... on level 2 of the Dungeon.
             The game lasted 00:04:01 (1483 turns).

CrazyBamboolord the Grave Robber (GhNe)             Turns: 1483, Time: 00:04:02

Health: 0/27       AC:  2    Str: 11    XL:     3   Next: 33%
Magic:  0/5        EV: 12    Int: 12    God:
Gold:   82         SH:  0    Dex:  9    Spells: 2/6 levels left

rFire   . . .      SeeInvis .    (no weapon)
rCold   + . .      Faith    .    f - orb {light}
rNeg    + + +      Spirit   .    a - +0 robe
rPois   ∞          Reflect  .    (no helmet)
rElec   .          Harm     .    (no cloak)
rCorr   .          Rampage  .    (no gloves)
Will    .....                    (no boots)
Stlth   +                        (no amulet)
HPRegen 0.00/turn                (no ring)
MPRegen 0.09/turn                (no ring)

@: very slightly contaminated, inhibited regen, glowing
A: claws 1, cold resistance 1, negative energy resistance 3, inhibited
regeneration, torment resistance 2, devour on kill
a: no special abilities


You were on level 2 of the Dungeon.
You visited 1 branch of the dungeon, and saw 2 of its levels.

You collected 82 gold pieces.

Inventory:

Armour
 a - a +0 robe (worn)
 f - an orb of light (worn)
Scrolls
 d - a scroll of silence {unknown}
 e - a scroll of noise {unknown}
 g - 3 scrolls of teleportation {unknown}
Potions
 b - a potion of magic
 c - a potion of flight {unknown}
 h - a potion of invisibility {unknown}
 i - a potion of curing {unknown}


   Skills:
 * Level 0.7 Fighting
 * Level 2.1 Dodging
 + Level 2.1 Stealth
 * Level 0.2 Unarmed Combat
 * Level 2.1 Spellcasting
 * Level 4.4 Necromancy


You had 2 spell levels left.
You knew the following spells:

 Your Spells              Type           Power      Damage    Failure   Level
a - Necrotise             Necr           48%        1d6       4%          1
b - Vampiric Draining     Necr           12%        2d6       13%         3

Your spell library contained the following spells:

 Spells                   Type           Power      Damage    Failure   Level
 Animate Dead             Necr           12%        N/A       38%         4
 Agony                    Necr           12%        N/A       75%         5


Dungeon Overview and Level Annotations

Branches:
Dungeon (2/15)

Altars:

Annotations:
D:2 Terence


Innate Abilities, Weirdness & Mutations

You are immune to poison.
You have sharp fingernails.
Your flesh is cold resistant. (rC+)
You are immune to negative energy. (rN+++)
You do not regenerate when monsters are visible.
You are immune to unholy pain and torment.
You thrive by killing the living.


Message History

Aiming: Necrotise (safe; 4% risk of failure)
Press: ? - help, Q - select action Shift-Dir - straight line, f/p - Terence
Aim: Terence, wielding a +0 short sword, wearing a +3 ring mail of fire resistance and carrying a wand of polymorph (4) (heavily wounded, haloed, chance to affect: 75%) Terence writhes in agony.
The dart slug launches a dart at you. The slug dart hits you.
Terence closely misses you.
Aiming: Necrotise (safe; 4% risk of failure)
Press: ? - help, Q - select action Shift-Dir - straight line, f/p - Terence
Aim: Terence, wielding a +0 short sword, wearing a +3 ring mail of fire resistance and carrying a wand of polymorph (4) (severely wounded, haloed, chance to affect: 75%) Terence writhes in agony.
The dart slug launches a dart at you. The slug dart hits you.
Terence zaps a wand.
You resist with significant effort.
You barely miss Terence.
Terence is almost dead.
Terence hits you with a +0 short sword.
You scratch Terence but do no damage.
Terence is almost dead.
Terence zaps a wand.
You resist with significant effort.
You scratch Terence but do no damage.
Terence is almost dead.
Terence hits you with a +0 short sword.
You barely miss Terence.
Terence is almost dead.
Terence hits you with a +0 short sword.
* * * LOW HITPOINT WARNING * * *
You scratch Terence but do no damage.
Terence is almost dead.
The dart slug bites you.
* * * LOW HITPOINT WARNING * * *
Terence barely misses you.
Aiming: Necrotise (safe; 4% risk of failure)
Press: ? - help, Q - select action Shift-Dir - straight line, f/p - Terence
Aim: Terence, wielding a +0 short sword, wearing a +3 ring mail of fire resistance and carrying a wand of polymorph (2) (almost dead, haloed, chance to affect: 75%)
You miscast Necrotise.
You are very lightly contaminated with residual magic.
Nothing appears to happen.
The dart slug launches a dart at you. The slug dart hits you.
You die...

##...#...
#........
##....#
#.....#
####..####
##....##
###.....#
#...@.###
#...##@##
#.# ##w# #
#<.# #.##
....
...##.>
.w... ...
...# ....
.#. .....


You could see Terence and a dart slug.

Vanquished Creatures
  3 ball pythons (D:1)
  An endoplasm (D:1)
  3 goblins (D:1)
  4 hobgoblins
  3 kobolds (D:1)
  2 quokkas
  2 bats (D:1)
  A frilled lizard (D:1)
  2 rats (D:1)
21 creatures vanquished.

Vanquished Creatures (collateral kills)
  An adder (D:2)
  A goblin (D:2)
2 creatures vanquished.

Vanquished Creatures (others)
  A plant (D:1)
1 creature vanquished.

Grand Total: 24 creatures vanquished

Notes
Turn   | Place    | Note
-------+----------+-------------------------------------------
     0 | D:1      | CrazyBamboolord the Ghoul Necromancer began the quest for
                  | the Orb.
     0 | D:1      | Reached XP level 1. HP: 14/14 MP: 2/2
   275 | D:1      | Reached XP level 2. HP: 21/22 MP: 0/3
  1300 | D:2      | Reached XP level 3. HP: 21/27 MP: 1/5
  1304 | D:2      | Learned a level 3 spell: Vampiric Draining
  1350 | D:2      | Noticed Terence
  1483 | D:2      | Killed from afar by a dart slug

Illustrated notes

Levels and vault maps discovered:
D:1:      dpeg_arrival_water_temple_mockup, layout_basic, chequers_big_river,
          minivault_5, nicolae_kite_square_tiling_tiny
D:2:      layout_rooms, uniq_terence

Skill      XL: |  1  2 |
---------------+-------+-----
Dodging        | 2 |  2.1
Spellcasting   | 2 |  2.1
Fighting       | |  0.7
Stealth        | |  2.1
Unarmed Combat | |  0.2
Necromancy     | |  4.4

Action                     || total
---------------------------++-------
  Melee: Unarmed           ||    59
         Punch             ||     1
   Cast: Necrotise         ||    38
 Armour: Robe              ||     7
  Dodge: Dodged            ||    56

Table legend: (Time is in decaauts)
 A = Elapsed time spent in this place.
 B = Non-inter-level travel time spent in this place.
 C = Inter-level travel time spent in this place.
 D = Time resting spent in this place.
 E = Time spent auto-exploring this place.
 F = Levels seen in this place.
 G = Mean time per level.
                   A        B        C        D        E       F      G
               +--------+--------+--------+--------+--------+-----+--------+
         Total |   1497 |   1463 |     34 |    115 |   1155 |   2 |  748.5 |
       Dungeon |   1497 |   1463 |     34 |    115 |   1155 |   2 |  748.5 |
               +--------+--------+--------+--------+--------+-----+--------+

Top non-repeatable levels by time:
     D:1: 1381 daAuts
     D:2: 115 daAuts
